 Dungeon Crawl Stone Soup version 0.26.1-2-gb8aa6d0 (webtiles) character file.

Game seed: 4121157147569164888

84 YoyoCobra the Bolt Thrower (level 4, 0/27 HPs)
             Began as a Kobold Hunter on June 20, 2021.
             Slain by a gnoll
             ... wielding a +0 club
              (4 damage)
             ... on level 2 of the Dungeon.
             The game lasted 00:06:01 (1611 turns).

YoyoCobra the Bolt Thrower (Kobold Hunter)          Turns: 1611, Time: 00:06:02

Health: 0/27       AC:  6    Str:  9    XL:     4   Next: 74%
Magic:  4/4        EV: 15    Int: 12    God:
Gold:   27         SH:  0    Dex: 16    Spells: 3/3 levels left

rFire    . . .     SeeInvis .   f - +1 dagger (pain)
rCold    . . .     Faith    .   (shield restricted)
rNeg     . . .     Spirit   .   c - +0 leather armour
rPois    .         Reflect  .   (no helmet)
rElec    .         Harm     .   (no cloak)
rCorr    .         Rampage  .   (no gloves)
Will     .....                  (no boots)
Stlth    +++.......             (no amulet)
HPRegen  0.09/turn              (no ring)
MPRegen  0.09/turn              (no ring)

@: no status effects
A: small, molten scales 1, rugged brown scales 1, nightstalker 3, sense
surroundings 1
a: no special abilities


You were on level 2 of the Dungeon.
You visited 1 branch of the dungeon, and saw 2 of its levels.

You collected 27 gold pieces.

Inventory:

Hand Weapons
 a - a +1 hand crossbow
 b - a +0 short sword
 f - a +1 dagger of pain (weapon)
Armour
 c - a +0 leather armour (worn)
 g - a +0 leather armour


   Skills:
 + Level 2.6 Fighting
 + Level 6.2 Crossbows
 + Level 0.8 Armour
 + Level 3.0 Dodging
 + Level 1.5 Stealth


You had 3 spell levels left.
You didn't know any spells.
Your spell library was empty.

Dungeon Overview and Level Annotations

Branches:
Dungeon (2/15)

Altars:


Innate Abilities, Weirdness & Mutations

You are small and have problems with some larger weapons.
You are completely attuned to the shadows.
You are partially covered in molten scales. (AC +2)
You are partially covered in rugged brown scales. (AC +1, +3% HP)
You passively map a small area around you.


Message History

The gnoll closely misses you.
You hit the gnoll but do no damage.
The gnoll is severely wounded.
The gnoll hits you with a +0 halberd.
* * * LOW HITPOINT WARNING * * *
You completely miss the gnoll.
The gnoll is severely wounded.
The gnoll barely misses you.
You hit the gnoll.
The gnoll is severely wounded.
You hit the gnoll.
The gnoll is almost dead.
The gnoll misses you.
You hit the gnoll.
You kill the gnoll!
Your Dodging skill increases to level 3!
You hit the gnoll.
The gnoll is almost dead.
The gnoll hits you with a +0 club.
You die...

########## #........#
#.##.###.#
#.#.#.##.##
###..###....### *
#######)..## ##......
.((g@......###.....##
*
#######.#.#.#......#
#.#.##.##....# #.#..
......†# ,
#.####.#####.## ,*
.....). * * , ###..##
* ** ,* #..# *, , *
#...,


You could see a gnoll.

Vanquished Creatures
  3 gnolls (D:2)
  2 adders (D:2)
  A leopard gecko (D:1)
  4 bats (D:1)
  3 giant cockroaches (D:1)
  6 goblins
  3 hobgoblins
  4 jackals (D:1)
  A quokka (D:2)
  2 ball pythons
  3 kobolds
  A rat (D:1)
33 creatures vanquished.

Notes
Turn   | Place    | Note
-------+----------+-------------------------------------------
     0 | D:1      | YoyoCobra the Kobold Hunter began the quest for the Orb.
     0 | D:1      | Reached XP level 1. HP: 12/12 MP: 1/1
    56 | D:1      | Reached skill level 5 in Crossbows
   135 | D:1      | Reached XP level 2. HP: 17/17 MP: 2/2
  1038 | D:1      | Reached XP level 3. HP: 21/21 MP: 3/3
  1418 | D:2      | Gained mutation: You are partially covered in molten
                  | scales. (AC +2) [potion of mutation]
  1418 | D:2      | Gained mutation: You passively map a small area around you.
                  | [potion of mutation]
  1418 | D:2      | Gained mutation: You are partially covered in rugged brown
                  | scales. (AC +1, +3% HP) [potion of mutation]
  1551 | D:2      | Reached skill level 6 in Crossbows
  1551 | D:2      | Reached XP level 4. HP: 27/27 MP: 4/4
  1611 | D:2      | Slain by a gnoll

Illustrated notes

Levels and vault maps discovered:
D:1:      ebering_trefoil_3fold, layout_basic
D:2:      layout_loops_ring

Skill      XL: |  1  2  3  4 |
---------------+-------------+-----
Crossbows      | 5 6 |  6.2
Dodging        | 3 |  3.0
Fighting       | |  2.6
Armour         | |  0.8
Stealth        | |  1.5

Action                   |  1- 3 |  4- 6 || total
-------------------------+-------+-------++-------
Melee: Dagger            |     1 |    11 ||    12
 Fire: Hand crossbow     |    78 |     8 ||    86
Throw: Dart              |       |     5 ||     5
  Use: Scroll            |     3 |       ||     3
       Potion            |     2 |       ||     2
Armor: Leather armour    |    13 |       ||    13
Dodge: Dodged            |    46 |    10 ||    56
